 Dungeon Crawl Stone Soup version 0.18-a0-1203-gbde16db (webtiles) character file.

368 Duffy the Cleaver (level 6, -8/52 HPs)
             Began as a Minotaur Fighter on Jan 31, 2016.
             Was a Believer of Cheibriados.
             Mangled by Duffy's ghost (11 damage)
             ... on level 3 of the Dungeon.
             The game lasted 00:02:43 (2859 turns).

Duffy the Cleaver (Minotaur Fighter)                Turns: 2859, Time: 00:02:44

Health: -8/52      AC:  8    Str: 27    XL:     6   Next: 41%
Magic:  14/14      EV:  7    Int:  9    God:    Cheibriados [**....]
Gold:   174        SH: 10    Dex: 13    Spells: 0 memorised, 5 levels left

rFire  . . .     SeeInvis .     a - +0 war axe
rCold  . . .     Gourm    .     b - +0 scale mail
rNeg   . . .     Faith    .     c - +0 shield
rPois  .         Spirit   .     (helmet restricted)
rElec  .         Dismiss  .     (no cloak)
rCorr  .         Reflect  .     (no gloves)
SustAt .         Harm     .     j - +0 pair of boots
MR     .....                    (no amulet)
Stlth  ..........               k - ring of flight
                                e - ring of magical power

@: very slow, not resistant to hostile enchantments, extremely unstealthy
A: retaliatory headbutt, horns 2
a: Bend Time, Renounce Religion, Evoke Flight


You were on level 3 of the Dungeon.
You worshipped Cheibriados.
Cheibriados was pleased with you.
You were not hungry.

You visited 1 branch of the dungeon, and saw 3 of its levels.

You collected 174 gold pieces.


Innate Abilities, Weirdness & Mutations

You reflexively headbutt those who attack you in melee.
You have a pair of horns on your head.


   Skills:
 + Level 3.7 Fighting
 + Level 8.3 Axes
 - Level 3.6 Armour
 - Level 3.6 Shields


You had 5 spell levels left.
You didn't know any spells.

Inventory:

Hand Weapons
 a - a +0 war axe (weapon)
Armour
 b - a +0 scale mail (worn)
 c - a +0 shield (worn)
 j - a +0 pair of boots (worn)
Jewellery
 e - a ring of magical power (left hand)
 k - a ring of flight (right hand)
 p - an uncursed ring of ice
Wands
 x - a wand of digging (10/24)
Scrolls
 i - a scroll of remove curse {unknown}
 l - a scroll of immolation {unknown}
 m - 3 scrolls of teleportation {unknown}
 u - a scroll of blinking {unknown}
 v - 3 scrolls of identify {unknown}
 w - 2 scrolls of amnesia {unknown}
 y - a scroll of random uselessness {unknown}
Potions
 d - a potion of might
 h - a potion of mutation {unknown}
 n - a potion of haste {unknown}
 q - a potion of flight {unknown}
 r - a potion of brilliance {unknown}
 s - a potion of magic {unknown}
 t - a potion of curing {unknown}
 z - a potion of ambrosia {unknown}
 A - a potion of cure mutation {unknown}
Comestibles
 f - 5 bread rations
 g - 2 royal jellies
 o - a slice of pizza

Dungeon Overview and Level Annotations

Branches:
Dungeon (3/15)

Altars:
Cheibriados
Qazlal

Annotations:
D:3 Duffy's ghost, amateur HOFi


Message History

You are too injured to fight recklessly!
You are too injured to fight recklessly!
You are too injured to fight recklessly!
You are too injured to fight recklessly!
You are too injured to fight recklessly!
You are too injured to fight recklessly!
You are too injured to fight recklessly!
You are too injured to fight recklessly!
Your shield prevents you from hitting Duffy's ghost.
You headbutt Duffy's ghost.
Duffy's ghost is heavily damaged.
Duffy's ghost hits you.
You slash Duffy's ghost!
Duffy's ghost is severely damaged.
You block Duffy's ghost's attack.
You hit Duffy's ghost but do no damage.
Duffy's ghost is severely damaged.
Duffy's ghost barely misses you. You furiously retaliate!
You headbutt Duffy's ghost, but do no damage.
You block Duffy's ghost's attack.
You barely miss Duffy's ghost.
Duffy's ghost is severely damaged.
Duffy's ghost hits you but does no damage.
You barely miss Duffy's ghost. You headbutt Duffy's ghost.
Duffy's ghost is almost destroyed.
Duffy's ghost hits you!
You hit Duffy's ghost. Your headbutt misses Duffy's ghost.
Duffy's ghost is almost destroyed.
Duffy's ghost screams, "What do you have that I didn't have?"
Duffy's ghost hits you!
You hit Duffy's ghost but do no damage. Your headbutt misses Duffy's ghost.
Duffy's ghost is almost destroyed.
You closely miss the giant newt. You block the giant newt's attack.
Duffy's ghost hits you!
You die...

.......##.......##...............
#.####.##>..######..........(..#.
....##.###>## ##...............
.....#.# #.# #................
.....#.# #.# ####........###.....
._.....# #.# #..........#....%...
.....#.# #.# #.##.##...##.##.....
.....#.###.###.##.###.###.##.....
..%.##..##.#.>.W@.# ### #.####...
#.####..##.#...l..#######.####.##
.................................
.###.###.#.#......#######.####)##
.###...........#..# #.# #.#
..............###.# #.# ##)##
#####.##.##.#..#.## #.###...# #
#.##.##...#.#########........ #
#.##..##............#####...#


You could see Duffy's ghost and a giant newt.

Action                   |  1- 3 |  4- 6 || total
-------------------------+-------+-------++-------
Melee: War axe           |   109 |    91 ||   200
  Eat: Chunk             |     3 |     2 ||     5

Notes
Turn   | Place    | Note
--------------------------------------------------------------
     0 | D:1      | Duffy the Minotaur Fighter began the quest for the Orb.
     0 | D:1      | Reached XP level 1. HP: 19/19 MP: 0/0
    55 | D:1      | Reached skill level 3 in Axes
   221 | D:1      | Reached XP level 2. HP: 20/26 MP: 1/1
   880 | D:1      | Reached skill level 4 in Axes
  1168 | D:2      | Reached XP level 3. HP: 31/31 MP: 2/2
  1529 | D:2      | Found a snail-covered altar of Cheibriados.
  1537 | D:2      | Became a worshipper of Cheibriados the Contemplative
  1729 | D:2      | Reached skill level 5 in Axes
  1810 | D:3      | Reached XP level 4. HP: 39/39 MP: 3/3
  1813 | D:3      | Found a faded altar to an unknown god.
  1837 | D:3      | Noticed Robin
  1841 | D:3      | Reached * piety under Cheibriados
  1843 | D:3      | Killed Robin
  2013 | D:3      | Noticed Sigmund
  2032 | D:3      | Killed Sigmund
  2032 | D:3      | Reached skill level 7 in Axes
  2032 | D:3      | Reached XP level 5. HP: 1/45 MP: 4/4
  2032 | D:3      | Reached XP level 6. HP: 1/51 MP: 5/5
  2332 | D:3      | Found a stormy altar of Qazlal.
  2611 | D:3      | Reached skill level 8 in Axes
  2817 | D:3      | Reached ** piety under Cheibriados
  2848 | D:3      | Noticed Duffy's ghost (amateur HOFi)
  2859 | D:3      | Mangled by Duffy's ghost

Vault maps used:
D:1:      dpeg_arrival_arbitrary_b
D:2:      lemuel_coloured_pillars_altar, first_bread
D:3:      old_standard_altar, ecumenical_altar_2, uniq_robin, uniq_sigmund

Vanquished Creatures
  Sigmund
  2 orc wizards Robin
  4 adders
  2 oozes
  2 giant geckos
  9 orcs
  3 giant cockroaches
  12 goblins
  9 hobgoblins
  7 jackals
  A quokka
  4 ball pythons
  9 bats
  4 giant newts
  8 kobolds
  6 rats
84 creatures vanquished.
